AoeStats
← Osezn

Highland

505797943Analyzed
3v3 RM · 22d ago on Sep 11, 2026· 49m 14s· 6 players
Game mode
Random Map
Map size
Normal (6 player)
Population
200
Speed
Normal
Resources
Standard
Victory
Conquest
Starting age
Dark Age
Ending age
Imperial Age
RankedLock teamsTeams togetherTeam positionsShared explorationLock speedFull tech treeHidden civsTurbo modeCheats
Victory
Defeat
🇲🇽 Mongols · Mexico
841
+16
🇲🇽 Huns · Mexico
829
+16
🇲🇽 Spanish · Mexico
815
+17
🇨🇱 Saracens · Chile
926
-61
🇨🇱 Burgundians · Chile
795
-15
🇨🇱 Teutons · Chile
769
-15
Garivan
12:47 Feudal Age
15:23 Wheelbarrow
14:36 Double-Bit Axe
19:39 Fishing Lines
20:27 Town Watch
23:17 Castle Age
22:32 Gold Mining
22:35 Stone Mining
25:00 Hand Cart
24:59 Bow Saw
25:34 Gold Shaft Mining
25:37 Stone Shaft Mining
24:44 Horse Collar
24:52 Horse Collar
27:48 Heavy Plow
33:56 Ballistics
33:51 Fortified Wall
33:45 Town Patrol
37:46 Imperial Age
37:10 Caravan
37:41 Coinage
38:04 Heavy Scorpion
39:09 Conscription
39:12 Drill
39:24 Ballistics
40:05 Chemistry
39:31 Capped Ram
41:02 Banking
40:43 Siege Ram
41:39 Onager
43:09 Siege Onager
LeonMike_
4:05 Loom
10:37 Feudal Age
11:56 Wheelbarrow
11:26 Double-Bit Axe
12:57 Town Watch
16:40 Fletching
21:13 Castle Age
22:09 Bow Saw
22:09 Town Patrol
23:32 Hand Cart
23:09 Horse Collar
26:19 Gold Mining
26:22 Stone Mining
26:30 Bodkin Arrow
28:33 Stone Shaft Mining
28:17 Heavy Plow
28:19 Caravan
30:04 Medium Warships
30:42 Forging
32:46 Iron Casting
32:56 Ballistics
32:50 Careening
32:57 Murder Holes
33:57 Guard Tower
34:20 Masonry
34:23 Fortified Wall
34:54 Thumb Ring
34:10 Elite Skirmisher
35:09 Clinker Construction
36:27 Scale Barding Armor
37:30 Chain Barding Armor
37:48 Siphons
38:20 Scale Mail Armor
38:21 Padded Archer Armor
39:19 Chain Mail Armor
42:25 Imperial Age
41:38 Fervor
41:58 Sanctity
41:50 Redemption
42:01 Leather Archer Armor
43:18 Coinage
44:13 Heavy Warships
44:20 Shipwright
45:07 Chemistry
43:54 Arrowslits
44:40 Architecture
44:00 Demolition Ship
44:48 Heavy Cavalry Archer
46:49 Two-Man Saw
46:18 Dry Dock
46:18 Block Printing
46:34 Illumination
46:23 Atonement
46:03 Elite Cannon Galleon
49:47 Conscription
49:49 Supremacy
49:03 Sappers
50:09 Hoardings
Cid Kuino
6:31 Loom
11:11 Feudal Age
11:52 Double-Bit Axe
14:15 Horse Collar
16:00 Wheelbarrow
15:28 Fishing Lines
20:23 Castle Age
19:32 Gold Mining
19:55 Forging
19:51 Scale Barding Armor
21:30 Heavy Plow
21:34 Gillnets
22:31 Stone Mining
22:54 Bow Saw
23:24 Medium Warships
23:35 Husbandry
22:56 Light Cavalry
25:02 Gold Shaft Mining
24:56 Fletching
25:36 Town Watch
26:53 Caravan
28:17 Iron Casting
29:10 Hand Cart
30:21 Chain Barding Armor
31:09 Murder Holes
34:23 Imperial Age
32:56 Bodkin Arrow
33:32 Padded Archer Armor
34:03 Bloodlines
34:00 Marauders
35:36 Conscription
34:39 Cavalier
36:22 Blast Furnace
36:20 Ballistics
37:19 Chemistry
36:55 Hussar
37:44 Thumb Ring
40:03 Plate Barding Armor
40:14 Parthian Tactics
40:09 Elite Skirmisher
40:54 Bracer
41:14 Leather Archer Armor
41:57 Masonry
41:57 Paladin
45:03 Heavy Cavalry Archer
46:07 Atheism
48:47 Elite Tarkan
Kuthix
12:52 Feudal Age
13:45 Double-Bit Axe
13:42 Horse Collar
15:01 Gold Mining
20:14 Castle Age
23:50 Heavy Plow
24:27 Gold Shaft Mining
23:43 Stone Mining
24:06 Bow Saw
24:48 Wheelbarrow
25:19 Fletching
29:44 Imperial Age
29:31 Scale Barding Armor
29:25 Bodkin Arrow
29:31 Padded Archer Armor
29:52 Elite Mameluke
32:34 Two-Man Saw
32:38 Ballistics
33:21 Chemistry
35:22 Conscription
35:18 Counterweights
39:45 Hand Cart
41:27 Bracer
41:42 Leather Archer Armor
41:48 Chain Barding Armor
43:17 Caravan
45:52 Ring Archer Armor
45:58 Plate Barding Armor
Chapesito
4:38 Loom
11:42 Feudal Age
14:08 Double-Bit Axe
15:31 Wheelbarrow
14:59 Horse Collar
18:31 Town Watch
21:45 Castle Age
20:17 Padded Archer Armor
20:08 Fletching
23:11 Heavy Plow
22:37 Crossbowman
23:22 Stone Mining
24:29 Gold Mining
25:17 Stone Shaft Mining
26:00 Hand Cart
26:53 Town Patrol
27:43 Bow Saw
29:36 Man-at-Arms
29:36 Pikeman
33:03 Ironclad
37:01 Imperial Age
37:03 Scale Mail Armor
37:14 Forging
39:29 Elite Teutonic Knight
42:05 Chemistry
44:01 Caravan
45:02 Crenellations
45:11 Scale Barding Armor
45:21 Chain Mail Armor
Osezn
3:42 Loom
11:48 Feudal Age
14:52 Double-Bit Axe
14:50 Horse Collar
20:15 Castle Age
19:38 Bow Saw
21:17 Husbandry
21:59 Heavy Plow
26:44 Gold Mining
27:01 Burgundian Vineyards
28:14 Two-Man Saw
27:47 Crop Rotation
29:31 Murder Holes
34:15 Imperial Age
32:10 Scale Barding Armor
32:16 Squires
32:30 Pikeman
32:34 Light Cavalry
34:57 Chain Barding Armor
35:21 Conscription
36:03 Wheelbarrow
35:15 Town Watch
36:00 Fletching
36:11 Halberdier
36:17 Hussar
37:52 Plate Barding Armor
40:08 Elite Coustillier
40:34 Elite Coustillier
44:35 Medium Warships
44:34 Cavalier
Connection lost

Rejoining the realm…

Still unreachable

The connection could not be restored.

Session expired

The server has moved on; the page needs a fresh start.